 Dungeon Crawl Stone Soup version 0.31-a0-1-g4198be8af4 (webtiles) character file.

Game seed: 9532801991528480684

286 fozzywoppz the Sneak (level 6, -2/29 HPs)
             Began as a Spriggan Enchanter on Apr 30, 2023.
             Slain by a black bear (7 damage)
             ... on level 4 of the Dungeon.
             The game lasted 00:13:22 (3132 turns).

fozzywoppz the Sneak (Spriggan Enchanter)           Turns: 3132, Time: 00:13:23

Health: -2/29      AC:  2    Str:  6    XL:     6   Next: 8%
Magic:  7/11       EV: 18    Int: 17    God:
Gold:   264        SH:  0    Dex: 15    Spells: 2/11 levels left

rFire   . . .        k - +0 short sword (protect)
rCold   . . .        (no shield)
rNeg    . . .        b - +0 robe
rPois   .            (helmet restricted)
rElec   .            (no cloak)
rCorr   .            (gloves unavailable)
SInv    +            (boots unavailable)
Will    +....        (no amulet)
Stlth   ++++         (no ring)
HPRegen 0.24/turn    (no ring)
MPRegen 0.12/turn

%: no passive effects
@: very quick
A: very small, no large weapons, unfitting armour, see invisible, speed 3
a: no special abilities


You were on level 4 of the Dungeon.
You visited 1 branch of the dungeon, and saw 4 of its levels.

You collected 264 gold pieces.

Inventory:

Hand Weapons
 a - a +1 dagger
 k - a +0 short sword of protection (weapon)
Missiles
 z - 4 poisoned darts (quivered)
Armour
 b - a +0 robe (worn)
Jewellery
 n - a ring of protection from fire
Wands
 w - a wand of acid (9)
Scrolls
 f - a scroll of vulnerability
 j - a scroll of noise
 l - 2 scrolls of teleportation
 s - 2 scrolls of fear
 v - 2 scrolls of torment
Potions
 c - 2 potions of invisibility
 d - a potion of degeneration
 e - a potion of mutation {unknown}
 g - a potion of ambrosia
 h - a potion of haste
 m - a potion of attraction
 o - a potion of heal wounds
 p - a potion of flight
 q - a potion of magic
 r - a potion of brilliance
 u - a potion of curing
 x - a potion of lignification {unknown}


   Skills:
 - Level 0.9 Fighting
 + Level 3.0 Short Blades
 + Level 4.0 Dodging
 + Level 7.1 Stealth
 - Level 3.2 Spellcasting
 - Level 4.5 Hexes
 - Level 0.8 Ice Magic


You had 2 spell levels left.
You knew the following spells:

 Your Spells              Type           Power      Damage    Failure   Level
a - Ensorcelled Hibernat  Hex/Ice        22%        N/A       9%          2
b - Freeze                Ice            20%        1d4       12%         1
c - Confusing Touch       Hex            18%        N/A       8%          3
d - Tukima's Dance        Hex            18%        N/A       8%          3

Your spell library contained the following spells:

 Spells                   Type           Power      Damage    Failure   Level
 Sublimation of Blood     Necr           2%         N/A       26%         2
 Dazzling Flash           Conj/Hex       20%        N/A       21%         3
 Frozen Ramparts          Ice            10%        1d2       36%         3
 Hailstorm                Conj/Ice       4%         3d4       41%         3
 Petrify                  Tmut/Erth      2%         N/A       86%         4
 Irradiate                Conj/Tmut      1%         3d12      99%         5


Dungeon Overview and Level Annotations

Branches:
Dungeon (4/15)
 Temple: D:4-7

Altars:
Ashenzari
Dithmenos
Trog

Shops:
D:2 *


Innate Abilities, Weirdness & Mutations

You are very small and have problems with some larger weapons.
You are too small for most types of armour.
You have supernaturally acute eyesight. (SInv)
You cover ground extremely quickly. (Speed+++)


Message History

Found a stone staircase leading down.
The black bear rages.
A yak comes into view.
The yak moves out of view.
You hear a bellow!
You hear the slow hiss of a distant avalanche of sand.
Found a scroll of identify.
Casting: Ensorcelled Hibernation (safe; 9% risk of failure)
Confirm with . or Enter, or press ? or * to list all spells.
Aiming: Ensorcelled Hibernation (safe; 9% risk of failure)
Press: ? - help, Shift-Dir - straight line, f - black bear
Aim: a black bear (almost dead, berserk, not susceptible)
Okay, then.
Throw: 5 darts (poison)
Press: ? - help, Q - select action, (/) - cycle Shift-Dir - straight line, f - black bear
Aim: a black bear (almost dead, berserk, 65% to hit)
You throw a poisoned dart. The poisoned dart hits the black bear.
The black bear is poisoned.
The black bear is almost dead.
The black bear completely misses you. The black bear misses you.
The black bear completely misses you.
You hear a bellow!
You see here 4 gold pieces.
An endoplasm comes into view.
The endoplasm quivers.
You hear a bellow! 2 orcs come into view.
The orc shouts!
An adder comes into view.
As you read the scroll of fear, it crumbles to dust.
You assume a fearsome visage.
The endoplasm looks frightened!
The black bear is unaffected.
The orc looks frightened!
The adder looks frightened!
The adder hisses angrily.
The orc looks frightened!
The orc shouts!
A giant cockroach comes into view.
The black bear misses you. The black bear closely misses you.
The black bear claws you!
You die...

#.# ##.# . ...#♣ .##. ....+
...####### ##### ...#♣
#.......#######...# ....♣
#...###.......)...# ....♣ ♣.
#....$...####...#
....♣+♣♣♣'♣...####....##.(.###...
.........o......@h.....>Y........
....)........J...##.####.........
...................... ##........
................?................
#........Bo........^.......$.....
##............#####.#...######.Y.
#####....#..# #.#.### #...
.##.... #...# #.#. #.##


You could see a black bear (berserk, poisoned), 2 orcs, an endoplasm (fleeing)
and a giant cockroach.

Vanquished Creatures
  Jessica (D:2)
  Ijyb (D:3)
  Natasha (thrice) (D:2)
  Robin (D:2)
  A gnoll (D:2)
  5 adders
  2 worms (D:2)
  2 dart slugs
  3 orcs (D:3)
  4 ball pythons
  6 endoplasms
  4 giant cockroaches
  14 goblins
  4 hobgoblins
  2 jackals (D:2)
  9 kobolds
  3 quokkas
  6 bats
  4 frilled lizards
  9 rats
84 creatures vanquished.

Notes
Turn   | Place    | Note
-------+----------+-------------------------------------------
     0 | D:1      | fozzywoppz the Spriggan Enchanter began the quest for the
                  | Orb.
     0 | D:1      | Reached XP level 1. HP: 9/9 MP: 5/5
     6 | D:1      | You fall into a shaft and drop 1 floor!
   120 | D:2      | Noticed Robin
   131 | D:2      | Found Damutich's General Store.
   178 | D:1      | Reached XP level 2. HP: 11/13 MP: 6/6
   329 | D:1      | Reached skill level 5 in Stealth
   361 | D:1      | Found a faded altar of an unknown god.
   459 | D:1      | Learned a level 2 spell: Ensorcelled Hibernation
   710 | D:1      | Reached XP level 3. HP: 16/16 MP: 5/8
  1197 | D:2      | Noticed Natasha
  1197 | D:2      | Noticed Jessica
  1205 | D:2      | Killed Jessica
  1220 | D:2      | Killed Natasha
  1221 | D:2      | Reached skill level 6 in Stealth
  1221 | D:2      | Reached XP level 4. HP: 21/21 MP: 9/9
  1794 | D:2      | Noticed Natasha
  1800 | D:2      | Killed Natasha
  1801 | D:2      | Reached XP level 5. HP: 25/25 MP: 7/10
  1848 | D:2      | Noticed Natasha
  1855 | D:2      | Killed Natasha
  1986 | D:2      | Killed Robin
  2401 | D:3      | Learned a level 1 spell: Freeze
  2405 | D:3      | Learned a level 3 spell: Confusing Touch
  2409 | D:3      | Learned a level 3 spell: Tukima's Dance
  2475 | D:3      | Reached skill level 7 in Stealth
  2594 | D:3      | Noticed Ijyb
  2606 | D:3      | Killed Ijyb
  2607 | D:3      | Reached XP level 6. HP: 29/29 MP: 3/11
  2687 | D:3      | Found a shadowy altar of Dithmenos.
  2733 | D:3      | Found a bloodstained altar of Trog.
  2735 | D:3      | Found a broken altar of Ashenzari.
  3079 | D:4      | Noticed a yak
  3079 | D:4      | Noticed a yak
  3079 | D:4      | Noticed a yak
  3117 | D:4      | Noticed a yak
  3132 | D:4      | Slain by a black bear

Illustrated notes

Levels and vault maps discovered:
D:1:      dpeg_arrival_signposts, layout_basic,
          shapermc_ecumenical_altar_totnotflames, nicolae_hexahallways,
          chequers_serial_rivers_large_a
D:2:      layout_rooms, serial_shops, shop, minmay_increasing_density,
          uniq_natasha, uniq_robin, uniq_jessica
D:3:      layout_loops_ring, nicolae_overflow_hidden_temple, uniq_ijyb
D:4:      layout_rooms, mainiacjoe_overflow_six_doors_small,
          nicolae_ossuary_entry_false_entrances

Skill      XL: |  1  2  3  4  5  6 |
---------------+-------------------+-----
Hexes          | 4 |  4.5
Stealth        | 5 6 7 |  7.1
Dodging        | 3 4 |  4.0
Short Blades   | 2 3 |  3.0
Spellcasting   | 3 |  3.2
Fighting       | |  0.9
Ice Magic      | |  0.8

Action                     |  1- 3 |  4- 6 || total
---------------------------+-------+-------++-------
  Melee: Dagger            |   100 |       ||   100
         Punch             |     1 |     2 ||     3
         Short sword       |    12 |   242 ||   254
  Throw: Dart              |       |     1 ||     1
   Cast: Ensorcelled Hiber |     2 |    34 ||    36
         Freeze            |       |     1 ||     1
         Tukima's Dance    |       |     1 ||     1
    Use: Scroll            |       |    16 ||    16
   Stab: Sleeping          |    11 |    26 ||    37
 Armour: Robe              |    19 |    54 ||    73
  Dodge: Dodged            |    90 |   195 ||   285

Table legend: (Time is in decaauts)
 A = Elapsed time spent in this place.
 B = Non-inter-level travel time spent in this place.
 C = Inter-level travel time spent in this place.
 D = Time resting spent in this place.
 E = Time spent auto-exploring this place.
 F = Levels seen in this place.
 G = Mean time per level.
                   A        B        C        D        E       F      G
               +--------+--------+--------+--------+--------+-----+--------+
         Total |   2284 |   2249 |     35 |      4 |   1330 |   4 |  571.0 |
       Dungeon |   2284 |   2249 |     35 |      4 |   1330 |   4 |  571.0 |
               +--------+--------+--------+--------+--------+-----+--------+

Top non-repeatable levels by time:
     D:2: 805 daAuts
     D:1: 738 daAuts
     D:3: 684 daAuts
     D:4: 56 daAuts
